 Dungeon Crawl Stone Soup version 0.21-a0-125-gb006224 (webtiles) character file.

7 caffeined the Magician (level 1, 0/13 HPs)
             Began as a Mummy Wanderer on July 15, 2017.
             Slain by an ooze (4 damage)
             ... on level 1 of the Dungeon.
             The game lasted 00:03:47 (595 turns).

caffeined the Magician (Mummy Wanderer)              Turns: 595, Time: 00:03:47

Health: 0/13       AC:  2    Str: 15    XL:     1   Next: 83%
Magic:  1/4        EV: 11    Int: 12    God:
Gold:   17         SH:  0    Dex: 10    Spells: 4/5 levels left

rFire    x . .     SeeInvis .   a - +2 dagger
rCold    + . .     Gourm    .   (no shield)
rNeg     + + +     Faith    .   e - +0 robe
rPois    ∞         Spirit   .   (no helmet)
rElec    .         Reflect  .   (no cloak)
rCorr    .         Harm     .   (no gloves)
MR       .....                  (no boots)
Stlth    +.........             (no amulet)
HPRegen  0.04/turn              h - ring of poison resistance
MPRegen  0.09/turn              (no ring)

@: very slightly contaminated
A: no food or potions, fire vulnerability, cold resistance 1, negative energy
resistance 3, torment resistance, unbreathing
a: no special abilities


You were on level 1 of the Dungeon.
You were not hungry.

You visited 1 branch of the dungeon, and saw 1 of its levels.

You collected 17 gold pieces.

Inventory:

Hand Weapons
 a - a +2 dagger (weapon)
 f - a +0 mace of crushing
Missiles
 g - 21 stones (quivered)
Armour
 e - a +0 robe (worn)
Jewellery
 h - a ring of poison resistance (left hand)
Scrolls
 b - a scroll of blinking
Books
 c - the Disquisition on Cold

   Spells                             Type                      Level
   a - Freeze                         Ice                          1
   b - Ozocubu's Armour               Charms/Ice                   3
 d - the Almanac of Moulding

   Spells                             Type                      Level
   a - Sticks to Snakes               Transmutation                2
   b - Passwall                       Transmutation/Earth          2


   Skills:
 - Level 1.0 Stealth
   Level 1.0 Shields
 - Level 2.6 Spellcasting
   Level 2.4 Transmutations
 + Level 1.2 Ice Magic
   Level 1.0 Earth Magic
   Level 1.5 Poison Magic


You had 4 spell levels left.
You knew the following spells:

 Your Spells              Type           Power        Failure   Level  Hunger
a - Freeze                Ice            #...         16%         1    N/A

Dungeon Overview and Level Annotations

Branches:
Dungeon (1/15)

Altars:


Innate Abilities, Weirdness & Mutations

You do not eat or drink.
Your flesh is vulnerable to fire.
You are immune to poison.
Your flesh is cold resistant. (rC+)
You are immune to negative energy. (rN+++)
You are immune to unholy pain and torment.
You can survive without breathing.


Message History

Aiming: Freeze
Press: ? - help, Shift-Dir - straight line, f/p - ooze
Aim: an ooze (lightly wounded)
You freeze the ooze.
The ooze is moderately wounded.
The ooze hits you but does no damage.
Casting: Freeze
Confirm with . or Enter, or press ? or * to list all spells.
Aiming: Freeze
Press: ? - help, Shift-Dir - straight line, f/p - ooze
Aim: an ooze (moderately wounded)
You freeze the ooze.
The ooze is heavily wounded.
The ooze hits you.
Press: ? - help, v - describe, . - travel
Here: an ooze (heavily wounded)
The floor.
Unknown command.
The ooze hits you.
You die...

### #.# ..# #.#
#.# #.# #.# #.# #
##.# #.#
#.#######.#.##.##
#.#......###...†#
#..J#####.#.##..#
###@# ##.###..#
#.# #.......# #.#
#..####.# #.#
#..# #[# #.# #.##
#.#
#.#####.#####.#
#...........#.#
#.............#
.....###.###


You could see an ooze.

Vanquished Creatures
  2 goblins (D:1)
  2 bats (D:1)
  2 kobolds (D:1)
  A rat (D:1)
7 creatures vanquished.

Notes
Turn   | Place    | Note
-------+----------+-------------------------------------------
     0 | D:1      | caffeined the Mummy Wanderer began the quest for the Orb.
     0 | D:1      | caffeined set off with: a +2 dagger, a scroll of blinking, the Disquisition on Cold, the Almanac of Moulding, a +0 robe
     0 | D:1      | Reached XP level 1. HP: 13/13 MP: 4/4
    22 | D:1      | Identified the Disquisition on Cold
    22 | D:1      | Identified the Almanac of Moulding
    24 | D:1      | Learned a level 1 spell: Freeze
   270 | D:1      | Reached skill level 1 in Ice Magic
   595 | D:1      | Slain by an ooze

Vault maps used:
D:1:      dpeg_arrival_pits

Skill      XL: |  1 |
---------------+----+-----
Ice Magic      | 1 |  1.2
Stealth        | |  1.0
Shields        | |  1.0
Spellcasting   | |  2.6
Transmutations | |  2.4
Earth Magic    | |  1.0
Poison Magic   | |  1.5

Action                   || total
-------------------------++-------
 Cast: Freeze            ||    16
Armor: Robe              ||     1
Dodge: Dodged            ||     8
